 Dungeon Crawl Stone Soup version 0.29-a0-565-g7a16c6de65 (webtiles) character file.

Game seed: 18400106271773541001

268674 Lekart the Warrior (level 19, -6/179 HPs)
             Began as a Pale Draconian Abyssal Knight on June 12, 2022.
             Was the Champion of Lugonu.
             Mangled by a vampire knight
             ... wielding a +0 glaive
              (18 damage)
             ... on level 3 of the Depths.
             The game lasted 02:03:30 (43491 turns).

Lekart the Warrior (Pale Draconian Abyssal Knight) Turns: 43491, Time: 02:03:31

Health: -6/179     AC: 18    Str: 20    XL:     19   Next: 76%
Magic:  35/35      EV: 23    Int:  8    God:    Lugonu [******]
Gold:   1298       SH: 25    Dex: 22    Spells: 18/18 levels left

rFire   + + .      SeeInvis .   s - +7 Throatcutter {drain, coup de grace}
rCold   + . .      Faith    .   n - +3 tower shield {rN+}
rNeg    + + .      Spirit   .   (body armour unavailable)
rPois   +          Reflect  .   (helmet restricted)
rElec   +          Harm     .   T - +2 cloak {Will+}
rCorr   +          Rampage  ∞   P - +0 pair of gloves of Spite {rElec rN+ Will+}
Will    ++++.      Clarity  +   Z - +3 pair of seven-league boots {Rampage+∞}
Stlth   +++.......              J - amulet "Zogry" {rElec Regen+ Str+3 Dex+3}
HPRegen 1.19/turn               F - ring of Megalomania {rF+ rC+ Will+ Slay+2}
MPRegen 0.24/turn               i - ring of Dolof {Fly rPois rF+ rCorr Int-2 Stlth+}

@: flying, studying 5 skills
A: breathe steam, AC +10, unfitting armour, cold-blooded, steam resistance,
clarity, high MP 1
}: 1/15 runes: serpentine
a: Breathe Steam, Renounce Religion, Depart the Abyss, Bend Space, Banish,
Corrupt, Enter the Abyss, Brand Weapon With Distortion


You were on level 3 of the Depths.
You worshipped Lugonu.
Lugonu was exalted by your worship.
You visited 7 branches of the dungeon, and saw 34 of its levels.
You visited the Abyss 2 times.
You also visited: Bailey and Ice Cave.

You collected 5425 gold pieces.
You spent 4127 gold pieces at shops.

Inventory:

Hand Weapons
 s - the +7 Throatcutter (weapon) {drain, coup de grace}
   (You took it off Terence on level 3 of the Dungeon)

   A truly terrible weapon, it drains the life of any living foe it strikes.
   It may instantly kill foes which have little health.
 L - a +3 scimitar of flaming
Missiles
 y - 5 throwing nets
Armour
 c - a +1 buckler of cold resistance
 n - a +3 tower shield of positive energy (worn)
 O - a +1 kite shield of protection
 P - the +0 pair of gloves of Spite (worn) {rElec rN+ Will+}
   (You found it on level 13 of the Dungeon)

   rElec:     It insulates you from electricity.
   rN:        It protects you from negative energy.
   Will:      It increases your willpower.
 S - the +2 pair of gloves of Impermeability {Dex+2}
   (You found it on level 14 of the Dungeon)

   Dex:       It affects your dexterity (+2).
 T - a +2 cloak of willpower (worn)
 Z - the +3 pair of seven-league boots (worn) {Rampage+∞}
   (You acquired it on level 1 of the Depths)

   Its wearer moves as far as possible in that direction when moving towards
   enemies.
Jewellery
 a - a ring of protection from fire
 i - the ring of Dolof (right hand) {Fly rPois rF+ rCorr Int-2 Stlth+}
   (You found it on level 12 of the Dungeon)

   [ring of poison resistance]

   Int:       It affects your intelligence (-2).
   rF:        It protects you from fire.
   rPois:     It protects you from poison.
   Fly:       It grants you flight.
   rCorr:     It protects you from acid and corrosion.
   Stlth:     It makes you more stealthy.
 F - the ring of Megalomania (left hand) {rF+ rC+ Will+ Slay+2}
   (You found it on level 2 of the Snake Pit)

   [ring of protection from cold]

   Slay:      It affects your accuracy & damage with ranged weapons and melee
   (+2).
   rF:        It protects you from fire.
   rC:        It protects you from cold.
   Will:      It increases your willpower.
 J - the amulet "Zogry" (around neck) {rElec Regen+ Str+3 Dex+3}
   (You bought it in a shop on level 10 of the Dungeon)

   [amulet of regeneration]

   Str:       It affects your strength (+3).
   Dex:       It affects your dexterity (+3).
   rElec:     It insulates you from electricity.
   Regen:     It increases your rate of health regeneration.
 R - a ring of see invisible
Wands
 h - a wand of digging (11)
 o - a wand of charming (2)
 w - a wand of paralysis (7)
 z - a wand of polymorph (22)
Scrolls
 m - 3 scrolls of magic mapping
 p - 7 scrolls of poison
 q - 8 scrolls of enchant weapon
 t - 7 scrolls of amnesia
 u - 12 scrolls of teleportation
 G - 5 scrolls of fear
 K - 3 scrolls of fog
Potions
 e - 15 potions of haste
 f - 6 potions of invisibility
 g - 3 potions of resistance
 j - 11 potions of curing
 k - 4 potions of berserk rage
 l - 3 potions of brilliance
 A - 9 potions of heal wounds
 D - 8 potions of might
 H - 8 potions of mutation
 I - 4 potions of cancellation
 M - 3 potions of magic
 Q - 8 potions of ambrosia
 W - a potion of attraction
Miscellaneous
 r - a condenser vane (inert)
 x - a piece from Xom's chessboard (15/15)
 B - a box of beasts
 N - a tin of tremorstones (2/2)
 X - a phial of floods


   Skills:
 + Level 18.1 Fighting
 + Level 3.1(10.9) Short Blades
 + Level 16.0(16.1) Long Blades
 + Level 15.3 Dodging
 - Level 0.1 Stealth
 + Level 18.1 Shields
 * Level 17.9 Invocations
 + Level 6.2 Evocations


You had 18 spell levels left.
You didn't know any spells.
Your spell library contained the following spells:

 Spells                   Type           Power      Damage    Failure   Level
 Apportation              Tloc           0%         N/A       75%         1
 Beastly Appendage        Tmut           0%         N/A       75%         1
 Foxfire                  Conj/Fire      0%         2x1d4     75%         1
 Necrotize                Necr           0%         1d4       75%         1
 Sandblast                Erth           0%         2d4       75%         1
 Shock                    Conj/Air       0%         1d3       75%         1
 Slow                     Hex            0%         N/A       75%         1
 Sting                    Tmut/Pois      0%         1d3       75%         1
 Summon Small Mammal      Summ           0%         N/A       75%         1
 Blink                    Tloc           0%         N/A       86%         2
 Passwall                 Tmut/Erth      0%         N/A       86%         2
 Poisonous Vapours        Pois/Air       0%         N/A       86%         2
 Scorch                   Fire           0%         2d5       86%         2
 Wereblood                Tmut           0%         N/A       86%         2
 Confusing Touch          Hex            0%         N/A       98%         3
 Conjure Flame            Conj/Fire      0%         6-21      98%         3
 Dazzling Flash           Conj/Hex       0%         N/A       98%         3
 Frozen Ramparts          Ice            0%         1d2       98%         3
 Gell's Gravitas          Tloc           0%         N/A       98%         3
 Ignite Poison            Fire/Tmut/Pois 0%         N/A       98%         3
 Inner Flame              Hex/Fire       0%         N/A       98%         3
 Lesser Beckoning         Tloc           0%         N/A       98%         3
 Portal Projectile        Hex/Tloc       0%         N/A       98%         3
 Spider Form              Tmut/Pois      0%         N/A       98%         3
 Stone Arrow              Conj/Erth      0%         3d7       98%         3
 Teleport Other           Tloc           0%         N/A       98%         3
 Tukima's Dance           Hex            0%         N/A       98%         3
 Vampiric Draining        Necr           0%         2d6       98%         3
 Animate Dead             Necr           0%         N/A       100%        4
 Flame Wave               Conj/Fire      0%         2d4       100%        4
 Ice Form                 Ice/Tmut       0%         N/A       100%        4
 Olgreb's Toxic Radiance  Pois           0%         N/A       100%        4
 Passage of Golubria      Tloc           0%         N/A       100%        4
 Petrify                  Tmut/Erth      0%         N/A       100%        4
 Sticky Flame             Conj/Fire      0%         2d3       100%        4
 Summon Ice Beast         Ice/Summ       0%         N/A       100%        4
 Summon Lightning Spire   Summ/Air       0%         N/A       100%        4
 Agony                    Necr           0%         N/A       100%        5
 Blade Hands              Tmut           0%         N/A       100%        5
 Borgnjor's Vile Clutch   Necr/Erth      0%         N/A       100%        5
 Irradiate                Conj/Tmut      0%         3d13      100%        5
 Iskenderun's Battlesphe  Conj           0%         2d6       100%        5
 Lightning Bolt           Conj/Air       0%         1d11      100%        5
 Manifold Assault         Tloc           0%         N/A       100%        5
 Metabolic Englaciation   Hex/Ice        0%         N/A       100%        5
 Silence                  Hex/Air        0%         N/A       100%        5
 Yara's Violent Unravell  Hex/Tmut       0%         3d3       100%        5
 Death Channel            Necr           0%         N/A       100%        6
 Dispersal                Tloc           0%         N/A       100%        6
 Iron Shot                Conj/Erth      0%         9d1       100%        6
 Statue Form              Tmut/Erth      0%         N/A       100%        6
 Summon Cactus Giant      Summ           0%         N/A       100%        6
 Spellforged Servitor     Conj/Summ      0%         N/A       100%        7
 Storm Form               Tmut/Air       0%         N/A       100%        7
 Lehudib's Crystal Spear  Conj/Erth      0%         10d2      100%        8
 Maxwell's Capacitive Co  Air            0%         ∞         100%        8
 Fire Storm               Conj/Fire      0%         5d1       100%        9


Dungeon Overview and Level Annotations

Branches:
Dungeon (15/15)            Temple (0/1) D:6            Lair (6/6) D:8
 Shoals (0/4) Lair:3        Snake (4/4) Lair:2        Slime (0/5) Lair:6
    Orc (2/2) D:12            Elf (3/3) Orc:2        Vaults (0/5) D:14
 Depths (3/4) D:15           Hell (visited)          Bailey (visited)
  IceCv (visited)
    Dis: Hell:1         Geh: Hell:1         Coc: Hell:1         Tar: Hell:1

Altars:
Ashenzari
Elyvilon
Fedhas
Kikubaaqudgha
Makhleb
Okawaru
Qazlal
Ru
Trog
Uskayaw
Xom
Zin
The Shining One

Shops:
D:7 [   D:10 =(   D:12 :   Orc:2 (:(*   Elf:2 (   Snake:2 ??*   Snake:4 [
Depths:1 ==:[   Depths:2 **

Portals:
Hell: Depths:1 Depths:2 Depths:3
Pandemonium: Depths:2
Ziggurat: Depths:2

Annotations:
D:7 1 runed translucent door, Heedrag's ghost, novice MiFi
Snake:4 corrupted
Elf:1 3 runed translucent doors
Elf:3 corrupted
Depths:2 corrupted
Abyss:1 KristoblXynda's ghost, journeyman DsGl; flestrin's ghost, journeyman MiBe


Innate Abilities, Weirdness & Mutations

You can breathe blasts of scalding, opaque steam.
Your pale cyan-grey scales are hard. (AC +10)
You cannot fit into any form of body armour.
You are cold-blooded and may be slowed by cold attacks.
You are immune to the effects of steam.
You possess an exceptional clarity of mind.
You have an increased reservoir of magic. (+10% MP)


Message History

Something hits you!!
You slash the deep troll! You drain the deep troll.
The deep troll is severely wounded.
The deep troll is engulfed in blazing flames.
You block the deep troll's attack.
The deep troll claws you but does no damage.
You block the deep troll's attack. Something hits you!!
You slash the deep troll!
You kill the deep troll!
Lugonu accepts your kill.
The troll leather armour is intact enough to wear.
Something hits you! You block something's attack.
You hear some strange, mumbled words.
You hear some strange, mumbled words.
You start resting.
Something completely misses you. Something barely misses you.
You start resting.
Something hits you!! Something hits you!!
* * * LOW HITPOINT WARNING * * *
You block something's attack. Something hits you!!
* * * LOW HITPOINT WARNING * * *
Blink to where?
Press: ? - help, Dir - move target
As you read the scroll of blinking, it crumbles to dust.
Something hits you.
* * * LOW HITPOINT WARNING * * *
Something misses you. Something hits you!!
* * * LOW HITPOINT WARNING * * *
You block something's attack.
You miss something. You block something's attack. Something closely misses you.
Okay, then.
You feel much better. Something hits you!!
* * * LOW HITPOINT WARNING * * *
You block something's attack.
You feel much better. Something hits you!!
* * * LOW HITPOINT WARNING * * *
You block something's attack. Something hits you!!
You die...

#.##.###########.# #
###.....
##.#.##8##8##8##.##8##8#
#.....
##.§'..§....§..).......
+.....
##.##8##8##8##.##8##8#
#..... #############.##
########..... #8.8#
#.#..........
##.####.#..........
##.##..............
#8@8#..............
##.##..............
##.##..............
#8.8#^.....>.......
##.##............##
#'##...........#.#
#...........#.#...
####........####.#
##.#.#..## ###


There were no monsters in sight!

Vanquished Creatures
  Geryon (Hell)
  A lich (Depths:2)
  Asterion (Elf:1)
  A quicksilver dragon (Depths:2)
  A deep elf blademaster (Elf:2)
  2 sphinxes
  3 tentacled starspawn (Abyss:5)
  Agnes (Elf:1)
  Donald (Elf:1)
  3 nagarajas (Snake:4)
  3 frost giants
  3 fire giants
  Louise (Snake:2)
  Aizul (Snake:1)
  2 deep elf sorcerers (Elf:1)
  6 stone giants
  7 very ugly things (Depths:2)
  A lorocyproca (Depths:2)
  A vampire knight (Depths:1)
  A dire elephant (Lair:6)
  4 deep elf annihilators
  Snorg (Lair:6)
  3 ettins
  A green death (Abyss:5)
  A deep elf high priest (Elf:3)
  5 fire dragons
  3 ice dragons
  Harold (Orc:1)
  2 boulder beetles (D:14)
  13 hydras
  2 salamander tyrants (Snake:4)
  5 rakshasas
  A catoblepas (D:14)
  5 anacondas
  A merfolk avatar (Lair:6)
  4 two-headed ogres
  14 naga warriors
  6 centaur warriors
  5 tengu warriors
  29 dancing weapons
  Erica (D:11)
  3 deep troll shamans
  6 hell hogs
  5 shock serpents
  2 deep troll earth magi (Depths:3)
  2 thrashing horrors
  4 sun demons
  A spriggan berserker (Depths:2)
  An orc high priest (Orc:2)
  A vampire mage (Depths:2)
  16 deep elf knights
  6 naga sharpshooters
  13 skeletal warriors
  2 soul eaters
  A salamander mystic (Snake:3)
  Amaemon (D:11)
  6 naga ritualists
  2 glowing orange brains
  A flayed ghost (Depths:2)
  A sea snake (Lair:6)
  7 wizards
  16 deep elf archers
  3 necromancers
  9 deep trolls
  2 phantasmal warriors (Depths:2)
  34 deep elf pyromancers
  10 mana vipers
  16 ugly things
  7 salamanders
  37 deep elf zephyrmancers
  4 orc sorcerers (Orc:2)
  2 cyclopes
  2 fire giant zombies (Hell)
  2 manticores
  2 black mambas (shapeshifter)
  6 elephants
  4 guardian serpents
  2 ice statues (IceCv)
  36 black mambas
  4 smoke demons
  10 cane toads
  A hellion (Depths:2)
  17 naga magi
  2 orange demons
  A spriggan zombie (Hell)
  6 rime drakes
  A bunyip simulacrum (Hell)
  13 komodo dragons
  A yaktaur (D:14)
  An efreet (D:15)
  4 hellwings
  2 ice devils (Lair:3)
  3 tengu conjurers
  6 trolls
  6 entropy weaver simulacra (IceCv)
  A burning bush (Lair:6)
  A troll (shapeshifter) (Elf:1)
  7 large abominations (Abyss:5)
  A wind drake (Lair:6)
  2 hornets (Lair:6)
  5 polar bears
  12 slime creatures (IceCv)
  A tarantella (shapeshifter) (Elf:1)
  17 blink frogs
  11 dream sheep
  A raiju (Abyss:5)
  3 snapping turtles (Lair:6)
  Sigmund (D:3)
  A flying skull (Abyss:5)
  A vampire (D:12)
  A naga simulacrum (Hell)
  2 shadows
  2 ynoxinuls (Depths:2)
  3 air elementals
  2 fire elementals
  6 wyverns
  3 water elementals
  3 wraiths
  19 humans (D:14)
  54 yaks
  3 basilisks
  3 neqoxecs
  3 steam dragons
  10 vampire mosquitoes
  3 chaos spawn
  56 nagas
  An acid dragon (D:11)
  4 demonic crawler simulacra (IceCv)
  2 wargs (Orc:2)
  5 hell hounds (Depths:1)
  20 water moccasins
  35 orc warriors
  A small abomination (Abyss:5)
  A sky beast (D:7)
  6 black bears
  5 ugly thing simulacra (IceCv)
  9 ogres
  15 wolves
  14 centaurs
  2 kobold brigands
  13 bullfrogs
  2 gnoll sergeants
  4 scorpions (D:5)
  A glowing shapeshifter simulacrum (IceCv)
  2 necrophages (D:5)
  11 wights
  16 killer bees
  2 electric eels
  12 howler monkeys
  19 orc priests
  4 hounds
  6 jellies
  Jessica (D:2)
  2 iguanas
  Terence (D:3)
  Ijyb (D:3)
  31 orc wizards
  4 yak simulacra (Lair:5)
  4 hell rats (Depths:2)
  A polar bear simulacrum (Lair:5)
  4 wolf simulacra (Lair:5)
  Robin (D:4)
  22 gnolls
  4 adders
  A shadow imp (D:7)
  A white imp (D:6)
  3 worms (D:2)
  2 dart slugs
  61 orcs
  8 endoplasms
  3 giant cockroaches
  24 goblins
  16 hobgoblins
  4 jackals
  18 kobolds
  7 quokkas
  8 ball pythons
  5 bats
  6 frilled lizards
  2 rats
  2 river rat simulacra (Lair:5)
1198 creatures vanquished.

Vanquished Creatures (collateral kills)
  A naga warrior (Snake:4)
  A salamander mystic (Snake:2)
  A naga mage (Snake:2)
  A troll (Orc:2)
4 creatures vanquished.

Vanquished Creatures (others)
  A juggernaut (Depths:2)
  The ghost of Bruhh the Brawler, an adept TrGl of Okawaru (Snake:4)
  2 deep elf master archers (Elf:3)
  2 deep elf blademasters (Elf:3)
  The ghost of P0WERM0DE the Black Belt, an adept MeCK of Xom (Snake:4)
  The ghost of Gargoyl the Severer, an adept GrBe of Trog (Snake:4)
  A frost giant (Depths:2)
  The ghost of Ejoitost the Severer, a journeyman MiFi of Okawaru (Snake:4)
  3 deep elf sorcerers (Elf:3)
  A fire giant (Depths:2)
  A deep elf elementalist (Elf:3)
  A stone giant (Depths:2)
  A vampire knight (Depths:2)
  4 deep elf demonologists (Elf:3)
  5 deep elf annihilators (Elf:3)
  3 deep elf death magi (Elf:3)
  An ettin (Depths:2)
  4 deep elf high priests (Elf:3)
  A dancing weapon (Elf:3)
  An orc high priest (Elf:3)
  2 deep elf knights (Elf:3)
  A deep elf archer (Elf:3)
  4 deep elf zephyrmancers (Elf:3)
  A deep elf pyromancer (Elf:3)
  2 black mambas (Snake:4)
  A tengu conjurer (Depths:1)
  An entropy weaver simulacrum (IceCv)
  A troll (Elf:3)
  A slime creature (D:9)
  A chaos spawn (Abyss:5)
  2 orc warriors (Elf:3)
  An orc priest (Elf:3)
  An orc wizard (Elf:3)
  A centaur simulacrum (D:9)
  A gnoll (D:7)
  5 foxfires (Depths:2)
  32 fungi
  61 plants
  33 starspawn tentacles
  2 withered plants (D:15)
190 creatures vanquished.

Grand Total: 1392 creatures vanquished

Notes
Turn   | Place    | Note
-------+----------+-------------------------------------------
     0 | Abyss:1  | Lekart the Draconian Abyssal Knight began the quest for the
                  | Orb.
     0 | Abyss:1  | Reached XP level 1. HP: 19/19 MP: 2/2
     0 | D:1      | Escaped the Abyss
   146 | D:1      | Found a faded altar of an unknown god.
   276 | D:1      | Reached XP level 2. HP: 26/27 MP: 3/3
   415 | D:1      | Reached ** piety under Lugonu
   988 | D:1      | Identified a scroll of acquirement
   988 | D:1      | Acquired 1161 gold pieces
  1268 | D:2      | Reached XP level 3. HP: 30/33 MP: 4/4
  1301 | D:2      | Noticed Jessica
  1318 | D:2      | HP: 1/33 [Jessica/nerve-wracking pain (11)]
  1319 | D:2      | Killed Jessica
  1920 | D:2      | Reached XP level 4. HP: 39/41 MP: 6/6
  2468 | D:3      | Noticed Ijyb
  2479 | D:3      | Killed Ijyb
  2523 | D:3      | Reached *** piety under Lugonu
  2572 | D:3      | Noticed Terence
  2584 | D:3      | Killed Terence
  2585 | D:3      | Reached XP level 5. HP: 3/45 MP: 3/7
  2917 | D:3      | Found a stormy altar of Qazlal.
  2944 | D:3      | Reached skill level 1 in Short Blades
  3177 | D:3      | Noticed Sigmund
  3182 | D:3      | Killed Sigmund
  3183 | D:3      | Reached skill level 5 in Fighting
  3183 | D:3      | Reached XP level 6. HP: 46/56 MP: 8/8
  3486 | D:4      | Noticed Robin
  3505 | D:4      | Killed Robin
  4193 | D:5      | Entered Level 5 of the Dungeon
  4505 | D:5      | Found a white marble altar of Elyvilon.
  4506 | D:5      | Found a glowing golden altar of the Shining One.
  4506 | D:5      | Found a glowing silver altar of Zin.
  4540 | D:5      | Your scales start taking on a pale cyan-grey colour.
  4540 | D:5      | Reached XP level 7. HP: 48/52 MP: 10/10
  4540 | D:5      | Gained mutation: You are immune to the effects of steam.
                  | [Pale Draconian growth]
  4541 | D:5      | Reached **** piety under Lugonu
  4542 | D:5      | Noticed a troll
  4552 | D:5      | Banished a troll
  4553 | D:5      | Reached skill level 5 in Long Blades
  4553 | D:5      | Reached skill level 1 in Evocations
  4769 | D:5      | Reached XP level 8. HP: 36/70 MP: 11/11
  4774 | D:5      | Reached skill level 5 in Invocations
  5025 | D:5      | Reached skill level 1 in Shields
  5517 | D:6      | Found a sacrificial altar of Ru.
  5526 | D:6      | Found an ancient bone altar of Kikubaaqudgha.
  5644 | D:6      | Reached XP level 9. HP: 78/79 MP: 13/13
  6023 | D:6      | Reached ***** piety under Lugonu
  6262 | D:6      | Found a staircase to the Ecumenical Temple.
  6644 | D:7      | Found Butos's Armour Shoppe.
  7098 | D:7      | Found a runed translucent door.
  7105 | D:7      | Found a shimmering altar of Xom.
  7105 | D:7      | Noticed Heedrag's ghost (novice MiFi)
  7105 | D:7      | Noticed a +0 falchion of chaos
  7956 | D:7      | Gained mutation: You have a beak for a mouth. [potion of
                  | mutation]
  7956 | D:7      | Gained mutation: You are frail. (-10% HP) [potion of
                  | mutation]
  7957 | D:7      | Lost mutation: You are frail. (-10% HP) [potion of
                  | mutation]
  7957 | D:7      | Lost mutation: You have a beak for a mouth. [potion of
                  | mutation]
  7957 | D:7      | Gained mutation: Your magical capacity is low. (-10% MP)
                  | [potion of mutation]
  7957 | D:7      | Gained mutation: You have sharp fingernails. [potion of
                  | mutation]
  7958 | D:7      | Lost mutation: Your magical capacity is low. (-10% MP)
                  | [potion of mutation]
  7958 | D:7      | Lost mutation: You have sharp fingernails. [potion of
                  | mutation]
  7958 | D:7      | Gained mutation: You have an increased reservoir of magic.
                  | (+10% MP) [potion of mutation]
  7958 | D:7      | Gained mutation: You possess an exceptional clarity of
                  | mind. [potion of mutation]
  8007 | D:8      | Found a broken altar of Ashenzari.
  8008 | D:8      | Found a bloodstained altar of Trog.
  8108 | D:8      | Found a shimmering altar of Xom.
  8123 | D:8      | Reached XP level 10. HP: 76/88 MP: 16/16
  8465 | D:8      | Found a burning altar of Makhleb.
  8467 | D:8      | Found a blossoming altar of Fedhas.
  8467 | D:8      | Noticed a two-headed ogre
  8477 | D:8      | Banished a two-headed ogre
  8478 | D:8      | Reached skill level 10 in Long Blades
  8702 | D:8      | Found a staircase to the Lair.
  9440 | D:9      | Reached skill level 5 in Shields
  9979 | D:9      | Found an iron altar of Okawaru.
 10242 | D:9      | Noticed a six-headed hydra
 10243 | D:9      | Noticed a cyclops
 10244 | D:9      | Noticed a tengu warrior
 10261 | D:9      | Noticed a centaur warrior
 10262 | D:9      | Noticed a centaur warrior
 10679 | D:10     | Entered Level 10 of the Dungeon
 10774 | D:10     | Found a hide-covered altar of Uskayaw.
 10807 | D:10     | Found a flagged portal.
 10817 | Bailey   | Entered a bailey
 10969 | Bailey   | Noticed an orc knight
 10971 | Bailey   | Reached XP level 11. HP: 97/97 MP: 19/19
 10977 | Bailey   | Banished an orc knight
 11205 | Bailey   | Reached ****** piety under Lugonu
 11337 | Bailey   | Noticed an orc warlord
 11355 | Bailey   | Banished an orc warlord
 11392 | Bailey   | Reached XP level 12. HP: 97/104 MP: 13/20
 11393 | Bailey   | Reached skill level 10 in Shields
 11393 | Bailey   | Reached XP level 13. HP: 103/111 MP: 14/22
 11796 | D:10     | Found Seba's Antique Weapon Boutique.
 11816 | D:10     | Bought a warped flail for 170 gold pieces
 11816 | D:10     | Identified the +8 flail "Gatsodde" {drain, Fragile rN+++
                  | Str-3 Stlth+} (You bought it in a shop on level 10 of the
                  | Dungeon)
 12022 | D:10     | Found Saehydum's Jewellery Shoppe.
 12026 | D:10     | Bought the amulet "Zogry" {rElec Regen+ Str+3 Dex+3} for
                  | 849 gold pieces
 12263 | D:11     | Reached skill level 10 in Invocations
 12640 | D:11     | Noticed Erica
 12647 | D:11     | Killed Erica
 13330 | D:11     | Noticed Amaemon
 13344 | D:11     | Killed Amaemon
 13585 | D:12     | Identified the ring of Dolof {Fly rPois rF+ rCorr Int-2
                  | Stlth+}
 13598 | D:12     | Found Ulig's Book Shop.
 13839 | D:12     | Found a staircase to the Orcish Mines.
 13847 | D:12     | Reached skill level 10 in Fighting
 14621 | D:13     | Identified the +0 pair of gloves of Spite {rElec rN+ Will+}
 14861 | D:13     | You are sucked into a shaft and drop 2 floors!
 14861 | D:15     | Entered Level 15 of the Dungeon
 14998 | D:15     | Reached XP level 14. HP: 106/121 MP: 24/24
 15055 | D:15     | Found an ancient bone altar of Kikubaaqudgha.
 15660 | D:14     | Identified the +2 pair of gloves of Impermeability {Dex+2}
 16076 | D:14     | Found a gate to the Vaults.
 17670 | D:15     | Found a staircase to the Depths.
 17670 | D:15     | Noticed a stone giant
 17682 | D:15     | Killed a stone giant
 18396 | Lair:1   | Entered Level 1 of the Lair of Beasts
 18432 | Lair:1   | Reached skill level 10 in Dodging
 18501 | Lair:1   | Reached XP level 15. HP: 98/130 MP: 26/26
 19418 | Lair:2   | Found a staircase to the Snake Pit.
 20037 | Lair:3   | Found a staircase to the Shoals.
 20102 | Lair:3   | Found a frozen archway.
 20134 | IceCv    | Entered an ice cave
 20241 | IceCv    | HP: 3/132 [entropy weaver simulacrum (21)]
 20894 | IceCv    | Found a viscous altar of Jiyva.
 20894 | IceCv    | Noticed an azure jelly
 20897 | IceCv    | Banished an azure jelly
 20919 | IceCv    | Noticed an azure jelly
 20922 | IceCv    | Banished an azure jelly
 20951 | IceCv    | Identified the amulet of Understanding {Drain Will++ Regen+
                  | MP+9 Stlth+}
 20954 | IceCv    | Got the ring of Xamnoot {Ice Drain Str+2 Dex+3 Slay+5}
 22627 | D:10     | Bought a smouldering shortbow for 160 gold pieces
 22627 | D:10     | Identified the +7 shortbow of Ignis's Favour {freeze,
                  | Int+4} (You bought it in a shop on level 10 of the Dungeon)
 23275 | Lair:5   | Identified the +1 leather armour of Zin's Displeasure
                  | {Dex+4}
 23663 | Lair:6   | Entered Level 6 of the Lair of Beasts
 23801 | Lair:6   | Found a staircase to the Slime Pits.
 23951 | Lair:6   | Reached XP level 16. HP: 131/143 MP: 28/28
 24031 | Lair:6   | Noticed Snorg
 24053 | Lair:6   | Killed Snorg
 24836 | Orc:1    | Entered Level 1 of the Orcish Mines
 24969 | Orc:1    | Noticed Harold
 24982 | Orc:1    | Killed Harold
 25086 | Orc:1    | Found a runed translucent door.
 25086 | Orc:1    | Noticed KristoblXynda's ghost (journeyman DsGl)
 25147 | Orc:1    | Banished KristoblXynda's ghost
 25479 | Orc:2    | Entered Level 2 of the Orcish Mines
 25487 | Orc:2    | Found a staircase to the Elven Halls.
 25857 | Orc:2    | Found Vekievidd's Antique Weapon Shoppe.
 25857 | Orc:2    | Found Pahyp's General Store.
 25858 | Orc:2    | Found Zozut's Book Emporium.
 25862 | Orc:2    | Found Plog's Antique Weapon Emporium.
 25885 | Orc:2    | Bought a manual of Polearms for 960 gold pieces
 26660 | Snake:1  | Entered Level 1 of the Snake Pit
 26955 | Snake:1  | Noticed Aizul
 27555 | Snake:1  | Killed Aizul
 27856 | Snake:2  | Found Neappiry's Magic Scroll Shop.
 27870 | Snake:2  | Found Piru's Magic Scroll Boutique.
 27871 | Snake:2  | Found Sastikk's General Store.
 27880 | Snake:2  | Bought a scroll of fear for 49 gold pieces
 27880 | Snake:2  | Bought a scroll of blinking for 105 gold pieces
 27880 | Snake:2  | Bought 3 scrolls of fear for 147 gold pieces
 27970 | Snake:2  | Found a runed translucent gate.
 27970 | Snake:2  | Found a runed translucent gate.
 27971 | Snake:2  | Found a runed translucent gate.
 27983 | Snake:2  | Noticed flestrin's ghost (journeyman MiBe)
 28062 | Snake:2  | Identified the ring of Megalomania {rF+ rC+ Will+ Slay+2}
 28091 | Snake:2  | Banished flestrin's ghost
 28400 | Snake:2  | Noticed Louise
 28433 | Snake:2  | Killed Louise
 29237 | Snake:3  | Reached XP level 17. HP: 74/154 MP: 31/31
 29536 | Snake:3  | Reached skill level 15 in Invocations
 29759 | Snake:4  | Entered Level 4 of the Snake Pit
 29780 | Snake:4  | Reached skill level 15 in Shields
 30970 | Snake:4  | Found Vogigeaz's Antique Armour Shoppe.
 31057 | Snake:4  | Bought an embroidered cloak for 247 gold pieces
 31330 | Snake:4  | Found a runed translucent gate.
 31331 | Snake:4  | Found a runed translucent gate.
 31331 | Snake:4  | Found a runed translucent gate.
 31333 | Snake:4  | Noticed Gargoyl's ghost (adept GrBe)
 31333 | Snake:4  | Noticed Ejoitost's ghost (journeyman MiFi)
 31345 | Snake:4  | Noticed P0WERM0DE's ghost (adept MeCK)
 31345 | Snake:4  | Noticed Bruhh's ghost (adept TrGl)
 31367 | Snake:4  | Corrupted Snake:4
 31376 | Snake:4  | Killed Ejoitost's ghost
 31379 | Snake:4  | Killed P0WERM0DE's ghost
 31398 | Snake:4  | Killed Gargoyl's ghost
 31401 | Snake:4  | Killed Bruhh's ghost
 31452 | Snake:4  | Noticed a lich
 31901 | Snake:4  | Identified the +9 long sword of the Puffball {antimagic,
                  | rElec}
 32027 | Snake:4  | Reached skill level 15 in Fighting
 32260 | Snake:4  | Got a serpentine rune of Zot
 32705 | Elf:1    | Entered Level 1 of the Elven Halls
 32705 | Elf:1    | Found a runed translucent gate.
 32705 | Elf:1    | Found a runed translucent gate.
 32705 | Elf:1    | Found a runed translucent gate.
 32705 | Elf:1    | Found a runed translucent gate.
 32705 | Elf:1    | Found a runed translucent gate.
 32705 | Elf:1    | Found a runed translucent gate.
 32710 | Elf:1    | Found a runed translucent door.
 33196 | Elf:1    | Noticed Agnes
 33223 | Elf:1    | Killed Agnes
 33473 | Elf:1    | Reached skill level 5 in Evocations
 33548 | Elf:1    | Noticed Donald
 33561 | Elf:1    | Killed Donald
 33944 | Elf:1    | Reached XP level 18. HP: 151/166 MP: 33/33
 34410 | Elf:1    | Noticed Asterion
 34430 | Elf:1    | Killed Asterion
 34574 | Elf:1    | Found a runed translucent door.
 35186 | Elf:2    | Reached skill level 15 in Long Blades
 35264 | Elf:2    | Found Qyojas's Weapon Shop.
 35594 | Elf:2    | Found a huge runed translucent gate.
 35594 | Elf:2    | Found a huge runed translucent gate.
 35594 | Elf:2    | Found a huge runed translucent gate.
 35600 | Elf:2    | Found a huge runed translucent gate.
 35600 | Elf:2    | Found a huge runed translucent gate.
 35782 | Elf:2    | Cast into level 4 of the Abyss (deep elf blademaster)
 35821 | Abyss:5  | Entered Level 5 of the Abyss
 35994 | Abyss:5  | Acquired a manual of Fighting
 36165 | Elf:2    | Escaped the Abyss
 36832 | Elf:3    | Entered Level 3 of the Elven Halls
 38067 | Elf:3    | Corrupted Elf:3
 38132 | Elf:3    | Noticed a lich
 38143 | Elf:3    | Noticed a Hell Sentinel
 38154 | Elf:3    | Identified the +7 short sword of Arofashri {vorpal, *Rage
                  | rPois rN++}
 38219 | Elf:3    | Identified the +4 longbow of Ninefuan {freeze, rF+ Will+}
 38222 | Elf:3    | Identified the +7 broad axe "Worm's Wrath" {drain, rF+ rC-
                  | Will+ Dex+10}
 38224 | Elf:3    | Identified the +5 quarterstaff of the Spider Nest {vorpal,
                  | rF- rC+ Dex+2}
 38231 | Elf:3    | Identified the ring "Vajacvi" {Wiz Str+2}
 38249 | Elf:3    | Identified the ring "Qitzec" {rC+ rCorr Slay-6 SInv Stlth+}
 38252 | Elf:3    | Identified the +10 shortbow of the Grey Skies {speed, rC+
                  | Will+ Int+3}
 38254 | Elf:3    | Got the Disquisition on Floating Confrontation
 38261 | Elf:3    | Got the Disquisition on Harmful Fire
 38271 | Elf:3    | Identified the +10 shortbow "Dragonslayer" {freeze, rElec
                  | Str+3 Int-2}
 39001 | Depths:1 | Entered Level 1 of the Depths
 39393 | Depths:1 | Found Berac's Antique Armour Boutique.
 39403 | Depths:1 | Acquired the +3 pair of seven-league boots {Rampage+∞}
 39403 | Depths:1 | Found the +3 pair of seven-league boots {Rampage+∞}
 39491 | Depths:1 | Reached XP level 19. HP: 159/177 MP: 34/34
 39890 | Depths:1 | Found a gateway to Hell.
 39900 | Hell     | Entered the Vestibule of Hell
 39900 | Hell     | Noticed Geryon
 40314 | Depths:1 | Found Cytuvy's Jewellery Emporium.
 40315 | Depths:1 | Found Darhuel's Book Boutique.
 40316 | Depths:1 | Found Muesokh's Jewellery Emporium.
 40324 | Depths:1 | Bought a manual of Long Blades for 1440 gold pieces
 40955 | Depths:2 | Found a blossoming altar of Fedhas.
 41102 | Depths:2 | Found a one-way gate leading to the halls of Pandemonium.
 41212 | Depths:2 | Found a one-way gateway to a ziggurat.
 41292 | Depths:2 | Identified the +2 quarterstaff "Giantbane" {pain, rPois
                  | Int+6}
 41300 | Depths:2 | Found Buty's Specific Store.
 41304 | Depths:2 | Found Leunliaqef's General Store.
 41550 | Depths:2 | Noticed a caustic shrike
 41556 | Depths:2 | Banished a caustic shrike
 41569 | Depths:2 | Reached skill level 15 in Dodging
 41643 | Depths:2 | Noticed a juggernaut
 41647 | Depths:2 | Corrupted Depths:2
 41659 | Depths:2 | Killed a juggernaut
 41876 | Depths:2 | Found a white marble altar of Elyvilon.
 42245 | Hell     | Killed Geryon
 42499 | Hell     | HP: 6/178 [ettin simulacrum (12)]
 43491 | Depths:3 | Mangled by a vampire knight

Illustrated notes

Levels and vault maps discovered:
D:1:      matt_arrival_grand_opening, layout_loops_ring,
          nicolae_ecumenical_snake_handling
D:2:      layout_rooms, corner_web_ring, uniq_jessica
D:3:      layout_rooms, nicolae_qazlal_eye_of_the_storm, patterned_corridor,
          uniq_terence, uniq_sigmund, uniq_ijyb
D:4:      layout_cave_pools, chequers_garden, uniq_robin
D:5:      minmay_chambers_of_threes, layout_basic, dreamdust_divine_triumvirate
D:6:      layout_loops_ring, mainiacjoe_overflow_concentric_impassable,
          lemuel_crystal_altar, minmay_temple_entry_nine_rooms,
          hangedman_abyss_or_decor_passed
D:7:      layout_loops_corners, ebering_ghost_xom, nicolae_inconvenience_store
D:8:      layout_cave_pools, chequers_temple_overflow_statue_of_worship,
          old_standard_altar, dpeg_oklobed_lair
D:9:      layout_long_grid, mainiacjoe_overflow_tiny_flanked, minivault_12
D:10:     layout_long_grid, amcnicky_altar_gilded, enter_bailey_3, serial_shops,
          nicolae_shop_stone, nicolae_shop_hallway_stairs
D:11:     layout_layer_cave, serial_park_tiny_pond, kennysheep_dice, uniq_erica,
          uniq_amaemon
D:12:     layout_basic, orc_0_dummy, gauntlet_entry_generic, serial_shops, shop
D:13:     layout_cave_pods
D:14:     layout_basic, grunt_vaults_entry_tiered
D:15:     grunt_enter_depths_snipers, layout_stronghold,
          hangedman_abyss_or_decor_lesser_grid, kiku_gazebo_garden_becter
Lair:1:   layout_long_grid
Lair:2:   layout_roguey, minmay_snake_entry_six_corridors
Lair:3:   layout_long_grid, shoals_dummy_entry, portal_ice_cave_demonic_guard
Lair:4:   layout_regular_city
Lair:5:   layout_roguey, st_stairs_4, eino_house_with_fridge,
          serial_bayou_shore_a, grunt_megastairs_3
Lair:6:   gammafunk_lair_ancient_temple, layout_regular_city,
          nicolae_slime_entry_slimehenge, evilmike_ambush
          [evilmike_ambush_outer_basic, evilmike_ambush_inner_basic],
          lemuel_fruit_tree, infiniplex_staircase_pool_2, uniq_snorg
Snake:1:  layout_gridlike, special_room, uniq_aizul
Snake:2:  layout_misc_corridors, gammafunk_ghost_split, minmay_shop_star,
          uniq_louise
Snake:3:  layout_onion, st_stairs_7, nicolae_snake_gridmaze_waves,
          nicolae_large_snake_swirl
Snake:4:  minmay_snake_end_coiled, layout_gridlike, gammafunk_ghost_cemetery,
          serial_shops, nicolae_diamond_shop
Orc:1:    layout_diamond_mine, hellmonk_ghost_happy_afterlife, uniq_harold
Orc:2:    st_orc_mages, layout_diamond_mine
Elf:1:    nicolae_elf_arrival_dilemma, layout_geoelf_diagonals,
          evilmike_minifort, dreamdust_princess_bridge, minivault_25,
          uniq_asterion, uniq_donald, uniq_agnes
Elf:2:    elven_hall_of_blades_hangedman_alternative [mumra_blade_entry_dagger],
          layout_loops_ring, serial_shops, nicolae_shop_bloodbath_and_beyond,
          serial_sigils_hangedman_scratch
Elf:3:    elf_hall, layout_geoelf_castle
Depths:1: layout_roguey, wad_floor_pattern_1, serial_shops,
          nicolae_diamond_shop, hangedman_tar_grid_catacomb,
          lemuel_flamethrower_3, minmay_shop_grove
Depths:2: minmay_ornate_pinched, layout_long_grid, enter_ziggurat_f,
          elyvilon_altar_5, grunt_pan_entry_spiral, pf_coc_iceberg,
          nicolae_specific_store, fedhas_altar_3, infiniplex_staircase_squiggle
Depths:3: minmay_tri_stars, layout_cross, dk_noncrumbling_2, hell_entry,
          abyss_entry, minmay_staircase_statues_hall_large
Hell

Skill      XL: |  1  2  3  4  5  6  7  8  9 10 11 12 13 14 15 16 17 18 19 |
---------------+----------------------------------------------------------+-----
Fighting       | 4 5 6 7 8 9 10 11 13 14 15 17 18 | 18.1
Long Blades    | 3 4 6 7 9 11 12 13 14 15 16 | 16.0
Invocations    | 3 4 5 7 8 9 11 12 13 14 16 17 | 17.9
Short Blades   | 2 3 |  3.1
Evocations     | 1 2 3 4 5 6 |  6.2
Shields        | 2 3 5 6 10 11 12 13 14 16 17 18 | 18.1
Dodging        | 8 10 11 12 13 14 15 | 15.3
Stealth        | |  0.1

Action                   |  1- 3 |  4- 6 |  7- 9 | 10-12 | 13-15 | 16-18 | 19-21 || total
-------------------------+-------+-------+-------+-------+-------+-------+-------++-------
Melee: Falchion          |    98 |    16 |       |       |       |       |       ||   114
       Tailslap          |     8 |    13 |    25 |    19 |   276 |   334 |   166 ||   841
       Punch             |     1 |       |       |       |       |       |       ||     1
       Short sword       |       |    47 |       |       |       |       |       ||    47
       Long sword        |       |    72 |   188 |   199 |  1283 |  1781 |   627 ||  4150
       Scimitar          |       |       |       |       |    86 |       |       ||    86
 Fire: Shortbow          |       |       |       |       |       |     5 |       ||     5
Invok: Depart the Abyss  |     1 |       |       |       |       |     1 |       ||     2
       Bend Space        |       |     3 |       |       |       |       |     1 ||     4
       Banish            |       |       |     1 |     5 |     2 |    15 |     2 ||    25
       Corrupt           |       |       |       |       |       |     2 |     1 ||     3
 Abil: Breathe Steam     |       |       |     3 |     5 |    26 |    44 |     9 ||    87
Evoke: Wand              |       |     4 |    12 |       |    27 |    66 |    21 ||   130
       Piece from Xom's  |       |       |       |       |       |    18 |       ||    18
       Box of beasts     |       |       |       |       |       |     7 |     1 ||     8
       Tin of tremorston |       |       |       |       |       |     4 |       ||     4
       Condenser vane    |       |       |       |       |       |       |     2 ||     2
       Phial of floods   |       |       |       |       |       |       |     1 ||     1
  Use: Scroll            |     3 |       |    13 |     1 |    11 |    15 |     3 ||    46
       Potion            |       |     2 |     4 |     4 |     1 |     3 |     2 ||    16
 Stab: Sleeping          |     2 |     1 |       |       |    20 |    14 |     1 ||    38
       Distracted        |       |       |       |       |     1 |     5 |       ||     6
       Paralysed         |       |       |       |       |       |     3 |     6 ||     9
Armor: Skin              |    34 |    88 |    93 |    77 |   312 |   320 |   140 ||  1064
Dodge: Dodged            |    57 |   136 |    72 |   118 |   855 |  1100 |   389 ||  2727
Block: Kite shield       |       |       |    87 |   136 |   660 |   710 |       ||  1593
       Buckler           |       |       |       |       |   152 |   304 |       ||   456
       Tower shield      |       |       |       |       |       |   114 |   780 ||   894

Table legend: (Time is in decaauts)
 A = Elapsed time spent in this place.
 B = Non-inter-level travel time spent in this place.
 C = Inter-level travel time spent in this place.
 D = Time resting spent in this place.
 E = Time spent auto-exploring this place.
 F = Levels seen in this place.
 G = Mean time per level.
                   A        B        C        D        E       F      G
               +--------+--------+--------+--------+--------+-----+--------+
         Total |  42893 |  40511 |   2382 |   8078 |  19773 |  39 | 1099.8 |
       Dungeon |  18497 |  17329 |   1168 |   2879 |  11050 |  15 | 1233.1 |
          Lair |   5142 |   4690 |    452 |     78 |   3427 |   6 |  857.0 |
     Snake Pit |   5729 |   5544 |    185 |   1517 |   2136 |   4 | 1432.2 |
  Orcish Mines |   1773 |   1660 |    113 |    304 |    854 |   2 |  886.5 |
   Elven Halls |   5595 |   5173 |    422 |   1278 |   1198 |   3 | 1865.0 |
        Depths |   3938 |   3898 |     40 |   1403 |    672 |   3 | 1312.7 |
          Hell |    103 |    103 |      0 |      0 |      0 |   1 |  103.0 |
         Abyss |    352 |    352 |      0 |    121 |      0 |   3 |  117.3 |
        Bailey |    850 |    850 |      0 |    143 |    435 |   1 |  850.0 |
      Ice Cave |    909 |    909 |      0 |    354 |      1 |   1 |  909.0 |
               +--------+--------+--------+--------+--------+-----+--------+

Top non-repeatable levels by time:
 Snake:4: 2288 daAuts
Depths:2: 2255 daAuts
   Elf:1: 2141 daAuts
    D:15: 2110 daAuts
   Elf:3: 1945 daAuts
     D:7: 1597 daAuts
     D:2: 1533 daAuts
   Elf:2: 1508 daAuts
     D:9: 1497 daAuts
    D:14: 1465 daAuts
     D:8: 1378 daAuts
    D:11: 1355 daAuts
 Snake:3: 1344 daAuts
     D:5: 1338 daAuts
Depths:1: 1312 daAuts
